 Dungeon Crawl Stone Soup version 0.25.0-11-g1f837a76a1 (console) character file.

Game seed: 14559027459260536682

4 bli the Scratcher (level 1, -1/9 HPs)
             Began as a Felid Transmuter on June 25, 2020.
             Slain by a kobold
             ... wielding a +0 whip
              (5 damage)
             ... on level 1 of the Dungeon.
             The game lasted 00:00:58 (90 turns).

bli the Scratcher (Felid Transmuter)                  Turns: 90, Time: 00:00:59

Health: -1/9       AC:  1    Str:  6    XL:     1   Next: 50%
Magic:  4/4        EV: 18    Int: 14    God:
Gold:   20         SH:  0    Dex: 16    Spells: 3/4 levels left
                                        Lives:  0   Deaths: 0

rFire    . . .     SeeInvis +     - Unarmed
rCold    . . .     Gourm    .   (shield unavailable)
rNeg     . . .     Faith    .   (armour unavailable)
rPois    .         Spirit   .   (helmet unavailable)
rElec    .         Reflect  .   (cloak unavailable)
rCorr    .         Harm     .   (gloves unavailable)
MR       .....                  (boots unavailable)
Stlth    ++........             (no amulet)
HPRegen  0.03/turn              (no ring)
MPRegen  0.09/turn              (no ring)

@: quick
A: very small, no armour, no weapons or thrown items, stealth, claws 1, fangs 3,
see invisible, carnivore, speed 1, shaggy fur 1, slow metabolism 1, sharp paws
a: no special abilities


You were on level 1 of the Dungeon.
You were not hungry.

You visited 1 branch of the dungeon, and saw 1 of its levels.

You collected 20 gold pieces.

Inventory:

Missiles
 a - 30 arrows
Scrolls
 b - a scroll of fog {unknown}
Comestibles
 c - a ration


   Skills:
 + Level 1.0 Fighting
 + Level 2.7 Dodging
 * Level 3.2 Unarmed Combat
 - Level 2.0 Spellcasting
 + Level 2.2 Transmutations


You had 3 spell levels left.
You knew the following spells:

 Your Spells              Type           Power        Failure   Level  Hunger
a - Beastly Appendage     Tmut           #.....       10%         1    ##.....

Your spell library contained the following spells:

 Spells                   Type           Power        Failure   Level  Hunger
 Sticks to Snakes         Tmut           #.......     14%         2    ###....
 Spider Form              Tmut/Pois      #.........   41%         3    ####...
 Ice Form                 Ice/Tmut       #.......     83%         4    #####..
 Blade Hands              Tmut           #.........   95%         5    ######.


Dungeon Overview and Level Annotations

Branches:
Dungeon (1/15)

Altars:


Innate Abilities, Weirdness & Mutations

You cannot wear armour.
You are incapable of wielding weapons or throwing items.
Your paws allow you to move quietly. (Stealth)
You have sharp claws.
You have razor-sharp teeth.
You have supernaturally acute eyesight. (SInv)
You are carnivorous and can eat meat at any time.
You cover ground quickly.
You are covered in fur. (AC +1)
You have a slow metabolism.
Your sharp claws are effective at attacking unaware monsters.


Message History

The giant cockroach closely misses you.
A giant cockroach comes into view.
You scratch the kobold but do no damage.
The kobold barely misses you.
The giant cockroach completely misses you.
The kobold completely misses you.
Found a yellow potion.
You barely miss the giant cockroach.
The giant cockroach is moderately wounded.
You scratch the giant cockroach but do no damage.
The giant cockroach bites you but does no damage.
The giant cockroach bites you.
You barely miss the giant cockroach.
You bite the giant cockroach, but do no damage.
The giant cockroach is moderately wounded.
The giant cockroach bites you. The giant cockroach closely misses you.
The giant cockroach bites you. The kobold hits you with a +0 whip.
Ouch! That really hurt!
You die...

.!......).......
............#...
................#
...........##..### #
#.............#.#.#
#...............#.# #
#..........##.....#..
#.......Kg###.g......
#...........#........
#....K.s..#.#........
###..@ss##............
#....#######..........
#.##.# #.>.....#>.
####....# ###........
#.......# #........
#.......# ..#####..
#..>....# .## ..
#.......# ♣# #.......#
.# #.......# P#
#÷#######


You could see 3 giant cockroaches, a goblin and 2 kobolds.

Vanquished Creatures
  A bat (D:1)
  2 giant cockroaches (D:1)
3 creatures vanquished.

Notes
Turn   | Place    | Note
-------+----------+-------------------------------------------
     0 | D:1      | bli the Felid Transmuter began the quest for the Orb.
     0 | D:1      | Reached XP level 1. HP: 9/9 MP: 4/4
    90 | D:1      | Slain by a kobold

Illustrated notes

Levels and vault maps discovered:
D:1:      kennysheep_arrival_seaside, layout_rooms, roderic_filled_cross,
          minmay_worlds_worst_comb

Action                   || total
-------------------------++-------
Melee: Unarmed           ||    15
       Bite              ||     3
       Punch             ||     1
  Eat: Chunk             ||     1
Armor: Skin              ||     3
Dodge: Dodged            ||    20
